 Dungeon Crawl Stone Soup version 0.13-a0-2236-g7be3fc8 (webtiles) character file.

174 JacquesDerrida the Poker (level 4, -6/34 HPs)
             Began as a Merfolk Skald on July 4, 2013.
             Killed by divine providence
             ... invoked by an orc priest
              (13 damage)
             ... on Level 3 of the Dungeon.
             The game lasted 00:03:36 (1956 turns).

JacquesDerrida the Poker (Merfolk Skald)            Turns: 1956, Time: 00:03:37

HP  -6/34        AC  5     Str 12      XL: 4   Next: 24%
MP   7/7         EV 10     Int 12      God:
Gold 103         SH  0     Dex 13      Spells:  1 memorised,  6 levels left

Res.Fire  : . . .   See Invis. : .   o - +0,+2 orc spear
Res.Cold  : . . .   Warding    : .   b - +0 leather armour
Life Prot.: . . .   Conserve   : .   (no shield)
Res.Poison: .       Res.Corr.  : .   (no helmet)
Res.Elec. : .       Clarity    : .   g - +1 dwarf cloak
Sust.Abil.: . .     Spirit.Shd : .   (no gloves)
Res.Mut.  : .       Stasis     : .   (no boots)
Res.Rott. : .       Flight     : .   (no amulet)
Saprovore : . . .                    (no ring)
                                     (no ring)

@: slightly resistant to hostile enchantments, very unstealthy
A: change form in water, swift swim
a: no special abilities


You were on level 3 of the Dungeon.
You were hungry.

You visited 1 branch of the dungeon, and saw 3 of its levels.

You collected 83 gold pieces.

Inventory:

Hand weapons
 a - a +0,+0 spear {=f}
 o - a +0,+2 orcish spear (weapon)
Armour
 b - a +0 leather armour (worn)
 g - a +1 dwarven cloak (worn)
Magical devices
 n - a wand of flame (11)
Comestibles
 d - 4 bread rations
 l - a banana
Scrolls
 e - a scroll of remove curse {unknown}
 f - 2 scrolls of curse jewellery {unknown}
 h - 3 scrolls of identify {unknown}
 j - a scroll of magic mapping {unknown}
Jewellery
 p - a +4 ring of protection {unknown}
Potions
 i - a potion of mutation {unknown}
 k - a potion of paralysis {unknown}
 m - a potion of speed {unknown}
Books
 c - a book of Battle

   Spells                             Type                      Level
   *Infusion                          Charms                       1
   Shroud of Golubria                 Charms/Translocation         2
   Song of Slaying                    Charms                       2
   Spectral Weapon                    Hexes/Charms                 3
   Regeneration                       Charms/Necromancy            3
   Song of Shielding                  Charms                       5


   Skills:
 - Level 2.1 Fighting
 + Level 6.3 Polearms
 - Level 0.6 Armour
 - Level 1.3 Dodging
 - Level 2.0 Spellcasting
 - Level 3.2 Charms


You had 6 spell levels left.
You knew the following spells:

 Your Spells              Type           Power        Failure   Level  Hunger
a - Infusion              Chrm           #.....       10%         1    ##.....


Dungeon Overview and Level Annotations

Branches:
Dungeon (3/27)

Altars:
Nemelex Xobeh


Message History

You kill the orc!
An orc comes into view. It is wielding an orcish dagger.
The orc shouts!
An orc priest comes into view. It is wielding an orcish flail.
You are feeling hungry.
The orc priest shouts!
The orc priest mumbles some strange prayers to Beogh against you.
Something smites you!
* * * LOW HITPOINT WARNING * * *
A dart shoots out and hits you!
* * * LOW HITPOINT WARNING * * *
The orc priest looks stronger.
The orc hits you from afar with a runed orcish trident.
* * * LOW HITPOINT WARNING * * *
There is a dart trap here.
The orc priest utters an invocation to Beogh.
You feel a wave of unholy energy pass over you.
The orc priest invokes the aid of Beogh against you.
Something smites you!
You die...

#.#...<##.........#
#############.#.#####...##.##.#
#.............#.# #.......#
#..........####.# #....#..#
#.........(# #.# #..)...##.#
#..........# #.# #..#......#
#....).....# #.# #..###.####
#####.%.)######.#####...o.....#
#....####...@.^o...##.###.#
#...%..>.....[...o..o.... ..
#....##.#.###############
#....##.#.........
#....##.######... #....##.#
#....##.# #....##.# ....##.#


You could see 2 orc priests and 2 orcs.

Vanquished Creatures
  2 adders (D:2)
  A worm (D:2)
  A giant gecko (D:2)
  2 oozes
  2 orcs (D:3)
  5 giant cockroaches
  5 goblins
  2 hobgoblins (D:1)
  5 kobolds
  A quokka (D:2)
  5 bats
  5 giant newts
  6 rats
42 creatures vanquished.

Notes
Turn   | Place    | Note
--------------------------------------------------------------
     0 | D:1      | JacquesDerrida, the Merfolk Skald, began the quest for the Orb.
     0 | D:1      | Reached XP level 1. HP: 16/16 MP: 2/2
   359 | D:1      | Reached skill level 4 in Polearms
   359 | D:1      | Reached XP level 2. HP: 17/22 MP: 4/4
  1174 | D:2      | Reached skill level 5 in Polearms
  1174 | D:2      | Reached XP level 3. HP: 17/27 MP: 5/5
  1512 | D:2      | Reached skill level 6 in Polearms
  1553 | D:2      | Reached XP level 4. HP: 34/34 MP: 7/7
  1614 | D:2      | Found a sparkling altar of Nemelex Xobeh.
  1956 | D:3      | Killed from afar by an orc priest

Action                   |  1- 3 |  4- 6 || total
-------------------------+-------+-------++-------
Melee: Spear             |   158 |    56 ||   214
Evoke: Wand              |       |     1 ||     1
 Stab: Sleeping          |     2 |       ||     2
